[Event "15th Tashkent Open Agzamov 2022"]
[Site "Tashkent"]
[Date "2022.05.05"]
[Round "1.1"]
[White "Kasimov, Ali"]
[Black "Bernadskiy, Vitaliy"]
[Result "0-1"]
[ECO "E95"]
[WhiteElo "2247"]
[BlackElo "2636"]
[Annotator "TA"]
[PlyCount "120"]
[EventDate "2022.05.05"]
[EventType "swiss"]
[EventCountry "UZB"]
[SourceTitle "playchess.com"]
[Source "ChessBase"]
[SourceQuality "1"]
[TimeControl "5400+30"]

1. d4 Nf6 2. c4 g6 3. Nc3 Bg7 4. e4 d6 5. Nf3 O-O 6. Be2 Nbd7 7. O-O e5 8. Re1 b6 {[%emt 0:06:30] E95: King's Indian: Classical: 7...Nbd7 8 Re1.} 9. Bf1 exd4 10. Nxd4 Bb7 {[%emt 0:00:02][%cal Of6g4] White is slightly better.} 11. Bg5 h6 12. Bh4 Re8 13. f3 c6 {[%emt 0:00:40] [#]} (13... Nc5 $11) 14. Bf2 $146 ({Predecessor:} 14. Qd2 a6 15. Rad1 b5 16. Nb3 bxc4 17. Bxc4 Bf8 18. Qc2 Qb6+ 19. Bf2 Qc7 20. Bd4 {0-1 (47) Legde,G (2265)-Bosboom,M (2395) Germany 1993}) 14... a6 15. a4 a5 16. Qc2 Nc5 17. Rad1 Qe7 18. g3 Rad8 19. Bg2 Qf8 20. h3 Nfd7 21. f4 Na6 22. Nde2 (22. e5 $2 Nb4 23. Qb1 dxe5 $19) 22... Nb4 23. Qb1 Nc5 24. Nd4 Rd7 25. Re2 Kh7 26. b3 Rde7 27. Red2 Qh8 28. Rc1 Ba6 29. Rcd1 h5 30. Bf3 Kg8 (30... Bc8 $11) 31. Kg2 (31. e5 $14 Bb7 32. exd6) 31... Bb7 (31... Bc8 $1 $15) 32. Rc1 (32. g4 $11) 32... h4 ({Black should play} 32... Qh6 $15 33. h4 Bc8) 33. g4 $11 Ne6 34. Nce2 (34. Nxe6 $11 Rxe6 35. e5) 34... Nxd4 ({Black should try} 34... Nc7 $17 {And now ...c5 would win.} 35. Nc2 c5 36. Nxb4 axb4) 35. Nxd4 Na6 36. Ne2 ({But not} 36. e5 dxe5 37. Nxc6 Re6 $15) 36... c5 37. Rxd6 Bxe4 38. Bxe4 Rxe4 39. Ng1 Qh6 40. g5 $1 Qh5 41. Re1 Rxe1 42. Bxe1 Nc7 {[%emt 0:01:52] White must now prevent ...Ne6.} 43. Bf2 Ne6 44. Qe4 Bf8 $36 {[%emt 0:00:22][%mdl 2048] Black is more active.} 45. Rd7 Re7 46. Rxe7 Bxe7 47. Nf3 Bd6 48. Be3 Qh8 49. Ne5 Bxe5 50. fxe5 Kg7 $1 51. Kf3 Qb8 52. Kg4 {[%emt 0:00:33] [#]} (52. Kg2 $15) 52... Qd8 $1 $17 {[%emt 0:00:25] aiming for ...Qd1+.} ({Much worse is} 52... Qh8 $6 53. Kf3 $15) 53. Kxh4 $2 {[%emt 0:00:44][%mdl 8192] This move loses the game for White.} (53. Qf3 $17 {nothing else works.}) 53... Qd1 $19 54. Kg3 Qxb3 ({Don't blunder} 54... Qe1+ $2 55. Kh2 $19) 55. Kf2 (55. h4 {was the only defense.}) 55... Qxa4 {[%emt 0:00:11] Black is clearly winning.} 56. h4 b5 57. h5 gxh5 58. g6 Qa2+ 59. Ke1 Qxc4 60. Qf5 fxg6 {[%emt 0:01:01] Weighted Error Value: White=0.31/Black=0.11 (very precise)} 0-1

[Event "15th Tashkent Open Agzamov 2022"]
[Site "Tashkent"]
[Date "2022.05.05"]
[Round "1.2"]
[White "Indjic, Aleksandar"]
[Black "Karimov, Ibragim"]
[Result "1/2-1/2"]
[ECO "A54"]
[WhiteElo "2621"]
[BlackElo "2221"]
[Annotator "TA"]
[PlyCount "118"]
[EventDate "2022.05.05"]
[EventType "swiss"]
[EventCountry "UZB"]
[SourceTitle "playchess.com"]
[Source "ChessBase"]
[SourceQuality "1"]
[TimeControl "5400+30"]

1. d4 d6 2. Nf3 Nf6 3. c4 Nbd7 4. Nc3 e5 5. Bg5 Be7 6. e3 c6 7. Qc2 O-O 8. O-O-O Qc7 {[%emt 0:05:47] A54: Old Indian Defence with Nf3, but without e4.} 9. h4 Re8 10. Bd3 Nf8 11. Bxf6 Bxf6 12. Ne4 {[%emt 0:00:06] [#]} Qe7 $146 ({Predecessor:} 12... Bd8 13. dxe5 dxe5 14. Nd6 Re7 15. Ng5 h6 16. Bh7+ Kh8 17. Ndxf7+ Rxf7 18. Nxf7+ Qxf7 19. Rxd8 {1-0 (33) Piasetski,L (2395)-Ruiz Gutierrez,M Torremolinos 1977}) 13. dxe5 dxe5 14. c5 b6 15. Nfg5 {[%emt 0:04:12] White is much more active.} Bxg5 16. hxg5 (16. Nxg5 $6 h6 17. Bh7+ Kh8 $11) 16... Rd8 17. f4 exf4 18. exf4 Bf5 $1 19. Rde1 Bxe4 20. Bxe4 Qxc5 21. Qxc5 ({But not} 21. Bxc6 $2 Qxc2+ 22. Kxc2 Rac8 $19) 21... bxc5 22. Bxc6 Rac8 23. Be4 g6 24. g3 Ne6 25. Rh2 Rd4 26. Bc2 Kg7 27. Re5 Rc7 28. a3 c4 29. Kb1 Rcd7 ({Better is} 29... c3 $11) 30. Ra5 (30. f5 $1 $14 Nxg5 31. fxg6) 30... c3 $11 31. bxc3 Rc4 32. f5 Rb7+ 33. Ka2 gxf5 34. Bxf5 Nf8 35. Rc2 Ne6 36. Rd5 Nxg5 37. Bd3 Rg4 38. c4 {[%emt 0:00:13] And now c5 would win.} Rxg3 39. c5 Ne6 40. Bf5 {[%emt 0:01:41] [#] Black must now prevent c6.} Rbb3 41. Bxe6 (41. c6 {seems wilder.} Rxa3+ 42. Kb2 Rab3+ 43. Ka2) 41... fxe6 {[%emt 0:00:20][%mdl 4096] Endgame KRR-KRR} 42. Rd7+ Kf6 43. Rxa7 Rgc3 {[%emt 0:00:14] Hoping for ...Rxa3+.} 44. Rxc3 Rxc3 {[%emt 0:00:00] KR-KR} 45. Rc7 Ke5 46. Kb2 Rc4 47. Kb3 Rc1 48. Kb4 Rb1+ 49. Kc4 h5 50. Rh7 Rc1+ 51. Kb5 {[%emt 0:00:00] Strongly threatening c6.} Kd5 {[%emt 0:00:00] Inhibits c6.} 52. Rd7+ Ke4 $2 {[%emt 0:00:28][%mdl 8192] [#]} (52... Ke5 $11 {and Black has nothing to worry.}) 53. c6 $1 $18 h4 54. c7 $2 (54. Rh7 Rc3 55. c7 (55. Rxh4+ Kd5 $11) 55... Ke5) ({White must play} 54. Kb6 $18) 54... h3 $11 {[%emt 0:00:14] The position is equal.} 55. Rh7 h2 $1 56. Kb6 Rb1+ 57. Ka7 Rc1 {[%emt 0:00:01][%cal Oc1c7] ...Rxc7+! is the strong threat.} 58. Kb7 Rb1+ 59. Ka6 Rc1 {[%emt 0:00:06] Weighted Error Value: White=0.16 (very precise) /Black=0.23 (precise)} 1/2-1/2

[Event "15th Tashkent Open Agzamov 2022"]
[Site "Tashkent"]
[Date "2022.05.05"]
[Round "1.3"]
[White "Kurmangaliyeva, Liya"]
[Black "Sindarov, Javokhir"]
[Result "0-1"]
[ECO "B45"]
[WhiteElo "2207"]
[BlackElo "2609"]
[Annotator "TA"]
[PlyCount "124"]
[EventDate "2022.05.05"]
[EventType "swiss"]
[EventCountry "UZB"]
[SourceTitle "playchess.com"]
[Source "ChessBase"]
[SourceQuality "1"]
[TimeControl "5400+30"]

1. e4 c5 2. Nf3 Nc6 3. d4 cxd4 4. Nxd4 Nf6 5. Nc3 e6 6. Ndb5 Bc5 7. Bf4 O-O {[%emt 0:00:12] B45: Sicilian Four Knights.} 8. Bc7 Qe7 {[%emt 0:00:16] [#] White must now prevent ...d5.} 9. Bd6 $1 Bxd6 {[%emt 0:00:04] White is slightly better.} 10. Qxd6 Qd8 11. O-O-O (11. Nc7 $5 Rb8 12. Be2 $11) 11... a6 12. Nd4 Ne7 13. h4 b5 14. h5 h6 15. g4 Bb7 16. Bd3 Nc8 17. Qg3 (17. Qf4 $14) 17... b4 $1 $11 18. g5 $1 hxg5 19. Qxg5 Nh7 (19... bxc3 20. Rdg1 Ng4 21. Qxg4 $18) (19... Nd6 $1 $11 20. Rhg1 Nfe8 21. Qxd8 Rxd8) 20. Qxd8 $16 Rxd8 {[%emt 0:00:04] [#]} 21. Nce2 $146 ({Predecessor:} 21. Na4 d6 22. Rdg1 Nf6 23. f3 Ne7 24. Rg5 Nc6 25. Nxc6 Bxc6 26. Nb6 Rab8 27. Nc4 {1-0 (59) Lobanov,S (2516)-Schekachikhin,M (2417) St Petersburg 2021}) 21... Ne7 22. Ng3 (22. Rdg1 $16) 22... Nc6 23. Nxc6 Bxc6 24. f4 Nf6 25. Rh4 (25. Rhg1 $14 {should be considered.}) 25... d6 $1 $11 26. Rg1 Kf8 27. Re1 a5 28. Nf1 Ke7 29. e5 dxe5 30. Rxe5 Rd5 {[%emt 0:00:54] With the idea ...Rxe5.} 31. Rg5 Rxg5 32. fxg5 {[%emt 0:00:10] [#] Threatens to win with Rc4.} Nd7 33. Ng3 Ne5 34. Be2 f5 35. gxf6+ $1 gxf6 36. Kd2 (36. Ne4 $15) 36... Rg8 37. Nf1 f5 38. Ne3 Kf6 {[%emt 0:00:39] Black is more active.} 39. c3 (39. h6 $15) 39... bxc3+ $17 40. bxc3 Be4 (40... Kg5 $17 41. Rh2 Rh8) 41. Nc4 $15 Rd8+ 42. Ke3 Nf7 43. h6 e5 44. h7 Bb1 (44... a4 $15) 45. Nxa5 Rh8 46. Nc4 Bxa2 47. Nd2 (47. Nb6 $11) 47... Be6 (47... Ng5 $1 $15 48. Rh6+ Kg7) 48. c4 Ng5 49. Nf3 $2 {[%emt 0:00:31][%mdl 8192] This costs White the game.} ({Much worse is} 49. Rh6+ Kg7 50. Rh5 Kg6 $17) ({White should try} 49. c5 $1 $15) 49... Rxh7 $19 50. Rxh7 Nxh7 {[%emt 0:00:07][%mdl 4096] Endgame KBN-KBN} 51. c5 Bd5 {[%emt 0:00:48] aiming for ...Nf8.} 52. Nd2 $2 (52. Ne1) 52... f4+ 53. Kd3 Ng5 {[%emt 0:00:10] Against Bf3} 54. Bg4 Ne6 55. Bxe6 Kxe6 {[%emt 0:00:04] KB-KN. Black mates.} 56. Nb1 Kd7 57. Nc3 Kc6 58. Na4 Kb5 59. Nb6 Kxc5 60. Nd7+ Kd6 61. Nf6 Ke6 62. Nh5 Kf7 {[%emt 0:00:14] Weighted Error Value: White=0.37/Black=0.12 (very precise)} 0-1

[Event "15th Tashkent Open Agzamov 2022"]
[Site "Tashkent"]
[Date "2022.05.05"]
[Round "1.4"]
[White "Iskandarov, Misratdin"]
[Black "Temirov, Bakhyt"]
[Result "1-0"]
[ECO "B07"]
[WhiteElo "2601"]
[BlackElo "2205"]
[Annotator "TA"]
[PlyCount "105"]
[EventDate "2022.05.05"]
[EventType "swiss"]
[EventCountry "UZB"]
[SourceTitle "playchess.com"]
[Source "ChessBase"]
[SourceQuality "1"]
[TimeControl "5400+30"]

1. e4 d6 2. d4 Nf6 3. Nc3 Nbd7 4. f4 e5 5. Nf3 Be7 (5... exd4 $14 6. Qxd4 c6) 6. Be2 {[%emt 0:10:22] B07: Pirc Defence: Miscellaneous Systems.} (6. fxe5 $16 dxe5 7. dxe5 (7. Nxe5 Nxe5 8. dxe5 Qxd1+ 9. Kxd1 Ng4 $11)) 6... O-O 7. O-O c6 8. Kh1 {[%emt 0:00:43][%cal Rf4e5] The position is equal.} Qc7 9. Qe1 b5 10. dxe5 (10. fxe5 {is more complex.} dxe5 11. dxe5 Nxe5 12. Nxe5 Qxe5 13. Bf4) 10... dxe5 11. fxe5 {[%emt 0:00:05] [#]} Nxe5 $146 ({Predecessor:} 11... Ng4 12. Bxb5 Nxh2 13. Nxh2 cxb5 14. Nd5 Qd8 15. Nf3 Nb6 16. Nxe7+ Qxe7 17. Qg3 Qe6 {1-0 (31) Truta,S (2265)-Mikac,T Portoroz 1989}) 12. Nxe5 Qxe5 13. Bf4 Qe6 14. e5 Nd5 15. Nxd5 Qxd5 16. Bd3 Be6 17. Qg3 Rfd8 18. Bh6 g6 19. b3 Qd4 20. Rae1 Qh4 ({But not} 20... Bh4 21. Qf3 Qc5 22. h3 $11) 21. Qxh4 Bxh4 22. Rd1 Be7 23. Be4 Rxd1 24. Rxd1 Rc8 25. Be3 a5 26. a4 bxa4 27. bxa4 Bd5 28. Bxd5 cxd5 29. Rxd5 Rxc2 $14 {[%emt 0:00:20][%mdl 4096] Endgame KRB-KRB} 30. g3 Bb4 31. Bg5 Rc8 32. Bf6 Ra8 33. Kg2 h6 34. Kf3 Rc8 (34... h5 $11) 35. Rd7 (35. g4 $16) 35... Bf8 (35... h5 $11) 36. Ke4 $16 {[%emt 0:02:25] Black must now prevent Rd8. White is more active.} Ra8 {[%emt 0:00:28] Loses the game.} (36... Bb4 $16 {keeps fighting.}) 37. Kd5 (37. Rd8 $142 Rxd8 38. Bxd8) 37... g5 $2 (37... Bb4 {is tougher.} 38. Kc6 Re8) 38. g4 {[%emt 0:00:54] Threatens to win with Rd8.} Rc8 {[%emt 0:00:18] [#]} (38... Bb4 39. e6 fxe6+ 40. Kxe6 Rc8 41. Rg7+ Kf8) 39. Rd8 $1 $18 Rxd8+ 40. Bxd8 {[%emt 0:00:06] KB-KB} Bb4 41. Kc4 {[%emt 0:03:15] Intending Kb5 and mate.} Kg7 42. Kb5 Bc3 43. Bxa5 Bxe5 44. Bb6 {[%emt 0:00:22] a5 would kill now.} Bc3 45. Kc4 ({Less strong is} 45. a5 Bxa5 46. Bxa5 (46. Kxa5 Kg6 $11) 46... Kg6 $16) 45... Be1 46. Kd5 h5 47. h3 (47. gxh5 $142 f5 48. a5 Bxa5 49. Bxa5) 47... hxg4 48. hxg4 {[%emt 0:00:04][%cal Bh3g4,Bg4f5][%mdl 32] White mates.} f5 49. gxf5 Kf6 50. Ke4 g4 51. a5 g3 52. a6 Bf2 {[%emt 0:00:35] [#]} 53. a7 $1 {[%emt 0:18:57] Weighted Error Value: White=0.21 (precise) /Black=0.53} 1-0

[Event "15th Tashkent Open Agzamov 2022"]
[Site "Tashkent"]
[Date "2022.05.05"]
[Round "1.5"]
[White "Nurmanova, Alua"]
[Black "Mchedlishvili, Mikheil"]
[Result "1/2-1/2"]
[ECO "B43"]
[WhiteElo "2194"]
[BlackElo "2595"]
[Annotator "TA"]
[PlyCount "106"]
[EventDate "2022.05.05"]
[EventType "swiss"]
[EventCountry "UZB"]
[SourceTitle "playchess.com"]
[Source "ChessBase"]
[SourceQuality "1"]
[TimeControl "5400+30"]

1. e4 c5 2. Nf3 e6 3. d4 cxd4 4. Nxd4 a6 5. Nc3 Qc7 6. Bd3 Nf6 7. O-O d6 8. a4 b6 {[%emt 0:01:59] 8...Be7 is more fashionable. B43: Sicilian: Kan Variation: 5 Nc3.} 9. Be3 Bb7 10. f4 Nbd7 11. Qe2 g6 {[%emt 0:09:32] [#]} 12. f5 $146 ({Predecessor:} 12. Bf2 Bg7 13. Rae1 O-O 14. Nb3 Nc5 15. Nxc5 bxc5 16. e5 Qc6 17. Bh4 Nd5 18. Nxd5 exd5 {0-1 (39) Nithander,V (2434)-Berg,E (2594) Norrkoeping 2010}) 12... gxf5 13. exf5 e5 14. Ne6 $1 Qc6 (14... fxe6 15. fxe6 Rg8 16. exd7+ Qxd7 17. Bf5 $18 (17. Rxf6 Rxg2+ 18. Qxg2 Bxg2 $15)) 15. Bc4 Rg8 $17 (15... fxe6 $2 16. fxe6 Be7 17. exd7+ Qxd7 18. Bg5 $18 (18. Bxb6 Qg4 $18)) 16. Rf2 Rc8 17. Ba2 Be7 18. Ng5 Rg7 $36 {[%emt 0:14:45][%mdl 2048] Threatens to win with ...d5. White is under pressure.} (18... d5 $5 19. Rd1 Qc7 $15) 19. Rd1 {[%emt 0:04:12] Against d5} Qc7 20. Rdf1 ({White should try} 20. Nge4 $15) 20... d5 $19 21. Ne6 fxe6 22. fxe6 {[%emt 0:00:02] [#]} (22. Bh6 {keeps fighting.} Rxg2+ 23. Rxg2 exf5 24. Rxf5 Qc5+ 25. Rff2) 22... d4 $1 23. Bxd4 (23. exd7+ Qxd7) 23... exd4 24. exd7+ Nxd7 (24... Qxd7 $2 25. Be6 Qc6 26. Bxc8 Qxc8 27. Nb1 $19) 25. Qh5+ (25. Nd5 $142 Qe5 26. Nf4) 25... Kd8 26. Ne2 Qc5 (26... Qxc2 27. Nf4 Nf6 28. Qe5 (28. Qh6 Rg6 $11) 28... Rxg2+ 29. Nxg2 $14) (26... Qd6 27. Ng3 Rc5) 27. Nf4 Rc6 28. Bd5 {[%emt 0:00:50] [#]} Kc8 (28... Bg5 $1 $19 29. b4 Qd6 30. Bxc6 (30. Ne6+ $2 Qxe6 31. Bxe6 Rxe6 $19) 30... Bxc6) 29. Bxc6 Qxc6 (29... Bxc6 30. Qe8+ Kb7 31. Ne6 $14) 30. Qe8+ Bd8 {[%emt 0:00:11] This bishop pair is nice.} 31. c3 $2 (31. Re2 $17) 31... d3 32. c4 $2 (32. Qe6 {was necessary.}) 32... Nc5 33. Qf8 Qd7 ({Don't go for} 33... Ne6 $2 34. Qf5 Bh4 35. b3 $19 (35. Qxe6+ $2 Qxe6 36. Nxe6 Bxf2+ 37. Rxf2 Re7 $19)) 34. Nd5 Bxd5 35. cxd5 Re7 36. Qg8 Kb7 37. Rf6 d2 $2 (37... Ne4 $19 38. Rf7 Bc7 39. Rxe7 Qxe7) 38. d6 $17 Re1 39. Qd5+ Kb8 40. Qxd2 Rxf1+ 41. Rxf1 Qxa4 42. b4 Nb7 43. d7 Ka7 44. Rc1 Be7 45. Rc7 {[%emt 0:00:43] And now Qd5 would win.} Qa1+ 46. Kf2 $2 {[%emt 0:00:07] [#]} (46. Rc1 $11 Qa4 47. Rc7 Qa1+ 48. Rc1 Qa4) 46... Bd8 ({Worse is} 46... Qe5 47. d8=Q Qf6+ 48. Kg1 Bxd8 49. Rxh7 $15) (46... Qf6+ $1 $17 47. Kg1 Bd6) 47. Rc8 h5 (47... Qf6+ $1 $15 48. Kg1 Qf5) 48. g3 {[%emt 0:00:37] The position is equal.} Qh1 49. Qf4 {[%emt 0:00:27][%csl Gc8][%cal Rf4b8] Active counter play!} Qxh2+ 50. Kf1 Qh1+ 51. Kf2 {[%emt 0:00:06][%csl Gc8][%cal Rf4b8] Chess con chili.} Qh2+ 52. Kf1 Qh1+ 53. Kf2 Qh2+ {[%emt 0:00:02] Whites escaped into a draw.  Weighted Error Value: White=0.36/Black=0.38} 1/2-1/2

[Event "15th Tashkent Open Agzamov 2022"]
[Site "Tashkent"]
[Date "2022.05.05"]
[Round "1.6"]
[White "Asadli, Vugar"]
[Black "Sharipov, Davron"]
[Result "0-1"]
[ECO "B92"]
[WhiteElo "2578"]
[BlackElo "2163"]
[Annotator "TA"]
[PlyCount "48"]
[EventDate "2022.05.05"]
[EventType "swiss"]
[EventCountry "UZB"]
[SourceTitle "playchess.com"]
[Source "ChessBase"]
[SourceQuality "1"]
[TimeControl "5400+30"]

1. e4 c5 2. Nf3 d6 3. d4 cxd4 4. Nxd4 Nf6 5. Nc3 a6 6. Be2 e5 7. Nb3 Be7 8. O-O O-O 9. Kh1 b5 10. a4 b4 11. Nd5 Bb7 12. Nxf6+ {[%emt 0:00:00] B92: Sicilian Najdorf: 6 Be2.} Bxf6 13. f3 a5 14. Be3 {[%emt 0:00:00] White has an edge.} Be7 {[%emt 0:11:22] [#]} 15. Bb5 $146 ({Predecessor:} 15. Qd2 d5 16. exd5 Bxd5 17. Rad1 Bxb3 18. cxb3 Qxd2 19. Rxd2 Nc6 20. Rd7 Bf6 21. Bc4 {1-0 (47) Butkiewicz,L (2430)-Lach,A (2177) Mrzezyno 2011}) 15... Nd7 16. Nd2 d5 {[%emt 0:11:04] [#]} 17. Nc4 $1 Nf6 18. Nxe5 {[%emt 0:00:00] And now Nc6 would win.} Qc7 {[%emt 0:03:22] Against Nc6} 19. Bd4 dxe4 20. fxe4 Rad8 {[%emt 0:01:55][%cal Od8d4] [#] White must now prevent ...Rxd4!} 21. c3 bxc3 22. bxc3 Nxe4 23. Qg4 {[%emt 0:00:00] Strongly threatening Nd7.} Bf6 24. Rf5 (24. Qf4 $17) 24... Bxe5 {[%emt 0:01:46] Weighted Error Value: White=0.53/Black=0.02 (flawless)} 0-1

[Event "15th Tashkent Open Agzamov 2022"]
[Site "Tashkent"]
[Date "2022.05.05"]
[Round "1.7"]
[White "Agzamov, Viachesiav"]
[Black "Sanal, Vahap"]
[Result "0-1"]
[ECO "E13"]
[WhiteElo "2143"]
[BlackElo "2575"]
[Annotator "TA"]
[PlyCount "69"]
[EventDate "2022.05.05"]
[EventType "swiss"]
[EventCountry "UZB"]
[SourceTitle "playchess.com"]
[Source "ChessBase"]
[SourceQuality "1"]
[TimeControl "5400+30"]

1. d4 Nf6 2. c4 e6 3. Nf3 b6 4. Nc3 Bb7 5. Qc2 Bb4 6. Bg5 h6 7. Bh4 g5 8. Bg3 Ne4 9. Nd2 {[%emt 0:04:07] E13: Queen's Indian/Nimzo-Indian hybrid: 4 Nc3 Bb7 5 Bg5 h6 6 Bh4 Bb4.} Bxc3 10. bxc3 Nxg3 11. hxg3 {[%emt 0:00:19] The position is equal.} d6 12. g4 Nd7 13. e4 Qe7 14. Be2 {[%emt 0:03:19] [#]} f5 $146 (14... O-O-O $11) ({Predecessor:} 14... O-O-O 15. f3 Kb8 16. O-O-O c5 17. Nf1 d5 18. Ne3 cxd4 19. Rxd4 dxe4 20. fxe4 Qa3+ {½-½ (40) Babujian,L (2471)-Iordachescu,V (2634) Al Ain 2014}) 15. exf5 (15. gxf5 $14 exf5 16. Bh5+ Kf8 17. O-O (17. e5 Qe6 $15)) 15... exf5 16. O-O-O O-O-O (16... Qxe2 $2 17. Rhe1 Qe7 18. Rxe7+ Kxe7 19. Re1+ Kd8 20. Qxf5 $18) 17. Rhe1 Qf7 18. gxf5 Bxg2 19. f3 $1 Bh3 20. Bd3 Rhf8 21. Qa4 (21. Re6 $11 {keeps the balance.}) 21... Bxf5 $17 ({Much worse is} 21... Kb8 $6 22. Be4 Nf6 23. Rh1 Nxe4 24. fxe4 $11) 22. Bxf5 Qxf5 23. Qxa7 {[%emt 0:00:12] [#]} Qa5 (23... Qd3 $1 $17 24. Qa8+ Nb8) 24. Qxa5 $11 bxa5 25. Re6 Rf6 26. Rxf6 (26. Re7 $11) 26... Nxf6 {[%emt 0:00:05][%mdl 4096] Endgame KRN-KRN} 27. Rh1 h5 28. Kc2 Kd7 29. Kd3 Ke6 30. Ne4 Nxe4 31. Kxe4 Rh8 {[%emt 0:00:17] And now ...h4 would win.} 32. a4 $2 {[%emt 0:01:46][%mdl 8192] Loses the game.} ({Only move:} 32. f4 $1 $15) 32... h4 $19 33. Rg1 $2 (33. Ke3 Kf5 34. Rb1) 33... h3 {[%emt 0:02:39] [#] ...Rh4+ is the strong threat.} 34. Rh1 Rh4+ 35. Ke3 {[%emt 0:00:19] Weighted Error Value: White=0.46/Black=0.15 (very precise)} 0-1

[Event "15th Tashkent Open Agzamov 2022"]
[Site "Tashkent"]
[Date "2022.05.05"]
[Round "1.8"]
[White "Romanov, Evgeny"]
[Black "Valiyev, Shahin"]
[Result "1-0"]
[ECO "B23"]
[WhiteElo "2573"]
[BlackElo "2130"]
[Annotator "TA"]
[PlyCount "71"]
[EventDate "2022.05.05"]
[EventType "swiss"]
[EventCountry "UZB"]
[SourceTitle "playchess.com"]
[Source "ChessBase"]
[SourceQuality "1"]
[TimeControl "5400+30"]

1. e4 c5 2. Ne2 Nf6 3. Nbc3 d6 4. h3 a6 5. g4 {[%emt 0:02:01] [#]} e6 $146 ({Predecessor:} 5... Nc6 6. Bg2 e5 7. d3 Be7 8. Ng3 Be6 9. Nf5 Bf8 10. g5 Nd7 11. h4 g6 {0-1 (24) Andreikin,D (2726)-Grischuk,A (2777) Chess.com INT 2020}) 6. Bg2 {[%emt 0:00:40] B23: Closed Sicilian: Lines without g3.} Nfd7 7. O-O Be7 8. f4 {[%emt 0:00:16] The position is equal.} Nc6 9. d3 Qc7 (9... h6 $11) 10. f5 $14 Nde5 11. Nf4 $1 g6 12. fxe6 (12. Nce2 $14) 12... fxe6 $11 13. Nce2 O-O 14. c3 Nd8 ({Black should play} 14... g5 $11 15. Nh5 Bd7) 15. d4 Nef7 16. Qd3 Kg7 (16... cxd4 $14 17. cxd4 Bd7) 17. Qg3 $16 {[%emt 0:01:46] White is more active.} Bd7 18. Be3 (18. h4 $142) 18... c4 $2 {[%emt 0:00:21] A mistake that costs the game.} (18... Bb5 $16 {was necessary.}) 19. Rf2 $18 Rb8 (19... a5 $142 20. Raf1 Kg8) 20. h4 b5 21. Bh3 Qc8 22. Nh5+ Kh8 (22... gxh5 $2 23. gxh5+ Kh8 24. Rg2 $18) (22... Kg8 {was worth a try.} 23. Nf6+ Bxf6) 23. Nf6 e5 24. Raf1 {[%emt 0:01:30] White is clearly winning.} Kg7 (24... Bxf6 $142 25. Rxf6 Rb7 26. Rxd6 Ne6 27. Rxa6 Kg8) 25. Nd5 Re8 26. Rxf7+ Nxf7 27. Qf3 Be6 28. Nxe7 Rxe7 29. Qf6+ Kg8 30. Qxe7 Rb7 31. Qf6 {[%emt 0:01:05] [#] Hoping for h5.} Bxg4 32. Bxg4 Qxg4+ 33. Kf2 exd4 34. Bxd4 Ne5 {[%emt 0:00:25] [#] White must now prevent ...Rf7.} 35. Qd8+ ({Don't do} 35. Ke1 Rf7 36. Qd8+ Kg7 37. Qxd6 Qxh4+ 38. Rf2 Rxf2 39. Qxe5+ (39. Bxf2 Nd3+ 40. Kd2 Nxf2 $17) 39... Rf6+ 40. Kd2 Kf7 41. Qc7+ Kg8 42. Qd8+ Kf7 43. Qd7+ Kg8 44. Qd8+ Kf7 45. Qd7+ Kg8 46. Qd8+ $18) 35... Kg7 36. Ke1 {[%emt 0:05:02] Weighted Error Value: White=0.29 (precise) /Black=0.43} 1-0

[Event "15th Tashkent Open Agzamov 2022"]
[Site "Tashkent"]
[Date "2022.05.05"]
[Round "1.9"]
[White "Sharifov, Mekhriddin"]
[Black "Van Foreest, Lucas"]
[Result "0-1"]
[ECO "B01"]
[WhiteElo "2129"]
[BlackElo "2572"]
[Annotator "TA"]
[PlyCount "82"]
[EventDate "2022.05.05"]
[EventType "swiss"]
[EventCountry "UZB"]
[SourceTitle "playchess.com"]
[Source "ChessBase"]
[SourceQuality "1"]
[TimeControl "5400+30"]

1. e4 d5 2. exd5 Qxd5 3. Nc3 Qd6 4. d4 Nf6 5. Nf3 c6 6. g3 {[%emt 0:02:40] B01: Scandinavian Defence.} Bf5 7. Bg2 e6 8. O-O {[%emt 0:00:34] White is slightly better.} h6 9. Bf4 Qd8 10. Ne5 Be7 11. Qd2 O-O 12. Rfe1 {[%emt 0:05:04] [#]} Na6 $146 ({Predecessor:} 12... Nbd7 13. Rad1 Nxe5 14. Bxe5 Bd6 15. Qf4 Bxe5 16. dxe5 Nd5 17. Bxd5 cxd5 18. Nxd5 exd5 19. Qxf5 Qa5 20. a3 Rfe8 21. e6 fxe6 22. Rxe6 Red8 23. Re7 Qb5 24. Qf7+ {1-0 (24) Burcu,C (2309)-Sailer,M (2109) Chess.com INT 2021}) 13. a3 Nc7 14. Ne2 Ncd5 15. c4 Nxf4 16. Nxf4 Qc7 17. b4 Rad8 18. Qe3 Ng4 19. Nxg4 Bxg4 20. h3 Bf5 21. d5 Bg5 22. Qxa7 Bxf4 23. gxf4 exd5 24. cxd5 cxd5 25. Qd4 $1 Rd6 26. Re5 Be4 {[%emt 0:00:01] And now ...Rg6 would win.} 27. Bxe4 dxe4 28. Qe3 (28. Qc5 $15 Rc6 29. Qe3) 28... f5 $19 {[%emt 0:00:30] ...Rd3 is the strong threat.} 29. Rc1 (29. Qc5 $142 Rc6 30. Qd4 (30. Qd5+ $2 Kh7 $19)) 29... Qd7 30. Kh2 Kh7 {[%emt 0:00:01] Hoping for ...Rff6.} 31. Rg1 Rff6 {[%emt 0:00:41] White must now prevent ...b6.} 32. Qc5 {[%emt 0:01:04] [#]} (32. Qe2 $142) 32... Qf7 (32... b6 $1 $19 {[%cal Rb6c5] has better winning chances.} 33. Qc4 Rd3) 33. Qc8 (33. Rg2 $17) 33... Rc6 $2 (33... Qa2 34. Qc3 Qxf2+ 35. Rg2 Qxf4+ 36. Qg3 Qxg3+ 37. Rxg3 f4) 34. Qd8 $2 {[%emt 0:01:48] [#]} (34. Qb8 Rc3 35. Qe8 (35. Re8 {gets mated.} Rxh3+ 36. Kg2 Rh2+ 37. Kf1 Qc4+ 38. Ke1 Qc1+ 39. Ke2 Qc2+ 40. Ke1 Qxf2+ 41. Kd1 Qxg1#)) 34... Qa2 $1 35. Qd4 Rcd6 36. Qc5 b6 37. Qe3 Rg6 {[%emt 0:03:13] aiming for ...Rxg1.} 38. Qe1 Qxa3 39. Rxf5 Rxg1 40. Qxg1 Rg6 41. Qf1 Qf3 {[%emt 0:00:10] Weighted Error Value: White=1.10/Black=0.43} 0-1